[Event "ICC tourney 3218 (30 10)"]
[Site "Internet Chess Club"]
[Date "2023.06.17"]
[Round "5"]
[White "Ledas, Armandas:ArmandasLedas"]
[Black "OPASKA, MICHAEL:mopaska1106"]
[Result "1/2-1/2"]
[ICCResult "Game drawn by mutual agreement"]
[WhiteElo "1561"]
[BlackElo "1943"]
[Opening "Caro-Kann: exchange, Rubinstein variation"]
[ECO "B13"]
[NIC "CK.02"]
[Time "20:00:03"]
[PlyCount "71"]
[TimeControl "1800+10"]

1. e4 c6 2. d4 d5 3. exd5 cxd5 4. Bd3 Nc6 5. c3 Nf6 6. Bf4 Bg4 7. Qb3 Qd7 8.
Nd2 e6 9. Ngf3 Bd6 10. Ne5 Qc7 11. Nxg4 Nxg4 12. Bxd6 Qxd6 13. h3 Nf6 14.
Nf3 O-O 15. O-O b6 16. Rfe1 Rac8 17. Qd1 Na5 18. Ne5 Nc4 19. Nxc4 dxc4 20.
Bc2 b5 21. a3 a5 22. Re5 Nd5 23. Be4 g6 24. Bxd5 exd5 25. Qf3 Rfd8 26. Rae1
Rc7 27. Qf4 Rcd7 28. Qh6 Qf8 29. Qh4 Kg7 30. Re7 h6 31. R1e6 b4 32. Qf6+ Kg8
33. h4 bxa3 34. bxa3 Rxe7 35. Rxe7 Re8 36. Rd7 {Game drawn by mutual
agreement} 1/2-1/2

[Event "ICC tourney 3218 (30 10)"]
[Site "Internet Chess Club"]
[Date "2023.06.17"]
[Round "5"]
[White "LU, JOSHUA:qingjoshua"]
[Black "YU, VINCENT ZHIWEN:vincentyu"]
[Result "1-0"]
[ICCResult "Black checkmated"]
[WhiteElo "2095"]
[BlackElo "1615"]
[Opening "English, 1...Nf6 (Anglo-Indian defense)"]
[ECO "A15"]
[NIC "EO.64"]
[Time "20:00:14"]
[PlyCount "113"]
[TimeControl "1800+10"]

1. c4 Nf6 2. g3 e6 3. Bg2 c5 4. Nf3 Nc6 5. O-O d5 6. cxd5 exd5 7. d4 Be7 8.
dxc5 Bxc5 9. Nc3 O-O 10. Bg5 d4 11. Bxf6 Qxf6 12. Ne4 Qe7 13. Nxc5 Qxc5 14.
Qd2 Rd8 15. Rfd1 Bf5 16. Ne1 Qb6 17. b3 Rac8 18. Rac1 Bg6 19. Nd3 Bxd3 20.
Qxd3 Nb4 21. Qd2 Rxc1 22. Rxc1 h6 23. a3 Nc6 24. b4 a6 25. Rc5 Na7 26. Bd5
Nb5 27. Qf4 Qf6 28. Qxf6 gxf6 29. Bxb7 Nxa3 30. Bxa6 Rb8 31. b5 Rb6 32. Rc6
Rb8 33. b6 Kg7 34. b7 Rxb7 35. Bxb7 Nb5 36. Rb6 Nc3 37. Kf1 Na4 38. Rb4 Nc3
39. Rxd4 Nb5 40. Rd7 Na7 41. Bd5 Kg6 42. Rxa7 Kg5 43. Bxf7 h5 44. h4+ Kh6
45. Bc4 f5 46. f4 Kg6 47. Kf2 Kf6 48. Kf3 Kg6 49. e4 Kf6 50. Rf7+ Kg6 51.
exf5+ Kh6 52. f6 Kg6 53. Rf8 Kh6 54. Rg8 Kh7 55. f7 Kh6 56. f8=Q+ Kh7 57.
Qg7# {Black checkmated} 1-0

[Event "ICC tourney 3218 (30 10)"]
[Site "Internet Chess Club"]
[Date "2023.06.17"]
[Round "5"]
[White "GHOSH, YOHAN:luckylion"]
[Black "Belous, Vladimir:Openyagami"]
[Result "0-1"]
[ICCResult "White checkmated"]
[WhiteElo "1848"]
[BlackElo "2594"]
[Opening "Sicilian: Labourdonnais-Löwenthal (Kalashnikov) variation"]
[ECO "B32"]
[NIC "SI.32"]
[Time "20:00:10"]
[PlyCount "90"]
[TimeControl "1800+10"]

1. e4 c5 2. Nf3 Nc6 3. d4 cxd4 4. Nxd4 e5 5. Nb5 d6 6. N1c3 a6 7. Na3 b5 8.
Nd5 Nge7 9. c4 Nxd5 10. exd5 Nd4 11. Nc2 Bg4 12. f3 Qh4+ 13. g3 Nxf3+ 14.
Qxf3 Bxf3 15. gxh4 Bxh1 16. cxb5 Be7 17. Bg5 f6 18. Be3 f5 19. Bf2 axb5 20.
Bxb5+ Kf7 21. Bc6 Ra5 22. b4 Bxd5 23. bxa5 Bxc6 24. Nb4 Bf3 25. a6 Ra8 26.
a7 Ke6 27. Rc1 Bd8 28. Na6 Ba5+ 29. Kf1 d5 30. Nc7+ Bxc7 31. Rxc7 d4 32.
Rxg7 h5 33. a4 Rc8 34. a5 Rc1+ 35. Be1 d3 36. Kf2 Bd5 37. a6 f4 38. Rb7 Rc8
39. Rb8 Kd7 40. Bc3 e4 41. Bd2 e3+ 42. Bxe3 Rc2+ 43. Kf1 fxe3 44. Rb7+ Ke6
45. a8=Q Rc1# {White checkmated} 0-1

[Event "ICC tourney 3218 (30 10)"]
[Site "Internet Chess Club"]
[Date "2023.06.17"]
[Round "5"]
[White "GUSEINOV, GADIR:GGuseinov"]
[Black "LIANG, YU-CHENG:Yucheng"]
[Result "1-0"]
[ICCResult "Black forfeits on time"]
[WhiteElo "2711"]
[BlackElo "2197"]
[Opening "Caro-Kann: classical, Spassky variation"]
[ECO "B19"]
[NIC "CK.12"]
[Time "20:00:12"]
[PlyCount "99"]
[TimeControl "1800+10"]

1. e4 c6 2. d4 d5 3. Nd2 dxe4 4. Nxe4 Bf5 5. Ng3 Bg6 6. h4 h6 7. Nf3 Nd7 8.
h5 Bh7 9. Bd3 Bxd3 10. Qxd3 e6 11. Bd2 Qc7 12. O-O-O Ngf6 13. Ne4 O-O-O 14.
g3 Nxe4 15. Qxe4 Nf6 16. Qe2 Bd6 17. c4 c5 18. Bc3 cxd4 19. Nxd4 a6 20. Nb3
Qc6 21. Na5 Qe4 22. Qxe4 Nxe4 23. Bxg7 Nxf2 24. Bxh8 Rxh8 25. Rxd6 Nxh1 26.
Rb6 Nxg3 27. Rxb7 f5 28. Ra7 Re8 29. Rxa6 f4 30. Kd2 e5 31. Ra8+ Kd7 32.
Rxe8 Kxe8 33. Nc6 e4 34. Nb4 Nxh5 35. Nd5 f3 36. Ke3 Ng3 37. a4 Nf1+ 38. Kf2
Nd2 39. a5 Kd7 40. Nb6+ Kc6 41. b4 Nb3 42. Na4 Kb7 43. Nc3 Nd2 44. c5 h5 45.
Nb5 h4 46. Nd6+ Kb8 47. c6 h3 48. b5 Kc7 49. Ne8+ Kd8 50. b6
{Black forfeits on time}
1-0

[Event "ICC tourney 3218 (30 10)"]
[Site "Internet Chess Club"]
[Date "2023.06.17"]
[Round "5"]
[White "JIMENEZ, LUIS A:eltuna"]
[Black "JAIN, KANISHK:kanishkj"]
[Result "1-0"]
[ICCResult "Black resigns"]
[WhiteElo "1857"]
[BlackElo "1665"]
[Opening "French: Steinitz, Boleslavsky variation"]
[ECO "C11"]
[NIC "FR.04"]
[Time "20:00:15"]
[PlyCount "155"]
[TimeControl "1800+10"]

1. e4 e6 2. d4 d5 3. Nc3 Nf6 4. e5 Nfd7 5. f4 c5 6. Nf3 Nc6 7. Be3 a6 8. a3
b5 9. Bd3 Qb6 10. O-O cxd4 11. Bf2 Bc5 12. Na2 a5 13. b4 axb4 14. axb4 Nxb4
15. Nxb4 Rxa1 16. Qxa1 Bxb4 17. Rb1 Bc3 18. Qxc3 dxc3 19. Bxb6 Nxb6 20. Rxb5
Nd7 21. Rb3 O-O 22. Rxc3 Rd8 23. Nd4 Nf8 24. Rc7 Bd7 25. Kf2 Ng6 26. g3 f6
27. f5 Nf8 28. fxe6 Nxe6 29. Nxe6 Bxe6 30. exf6 g6 31. Rc6 Kf7 32. Ke3 Kxf6
33. Kd4 Kf7 34. Rc7+ Kf6 35. Rxh7 Ra8 36. Rb7 Ra4+ 37. Ke3 d4+ 38. Kf4 g5+
39. Kf3 Bd5+ 40. Be4 Bxb7 41. Bxb7 Rc4 42. Be4 Ke5 43. h3 Rc8 44. Bd3 Kf6
45. Ke4 Rh8 46. Bf1 Rd8 47. g4 Rd6 48. Bc4 Rc6 49. Kxd4 Rc8 50. c3 Rh8 51.
Bf1 Ke6 52. c4 Kd6 53. c5+ Kc7 54. Bg2 Rd8+ 55. Ke5 Rd2 56. Be4 Rh2 57. Kf5
Rxh3 58. Kxg5 Re3 59. Kf5 Rc3 60. c6 Kd6 61. g5 Rc5+ 62. Kf6 Re5 63. Bf5 Re1
64. Bd7 Rf1+ 65. Kg7 Ke7 66. g6 Rg1 67. Bf5 Rg5 68. c7 Rxf5 69. c8=Q Rd5 70.
Qc7+ Rd7 71. Qxd7+ Kxd7 72. Kf7 Kd6 73. g7 Kc5 74. g8=Q Kb4 75. Qc8 Kb5 76.
Qc7 Kb4 77. Qc6 Ka5 78. Qb7 {Black resigns} 1-0